 Dungeon Crawl Stone Soup version 0.23.2-1-ga50397a (webtiles) character file.

Game seed: 16140147840199253470

1043 xveg the Twirler (level 8, -2/48 HPs)
             Began as a Gargoyle Gladiator on May 9, 2019.
             Slain by an orc warrior
             ... wielding a cursed -1 battleaxe
              (22 damage)
             ... on level 4 of the Dungeon.
             The game lasted 00:09:54 (4086 turns).

xveg the Twirler (Gargoyle Gladiator)               Turns: 4086, Time: 00:09:55

Health: -2/48      AC: 13    Str: 19    XL:     8   Next: 25%
Magic:  8/8        EV: 13    Int: 10    God:
Gold:   149        SH:  0    Dex: 15    Spells: 7/7 levels left

rFire    . . .     SeeInvis .   a - +1 quarterstaff
rCold    . . .     Gourm    .   (shield currently unavailable)
rNeg     + . .     Faith    .   q - +0 ring mail
rPois    ∞         Spirit   .   c - +0 helmet
rElec    +         Reflect  .   s - +0 cloak
rCorr    .         Harm     .   (no gloves)
MR       .....                  (no boots)
Stlth    +.........             l - amulet of inaccuracy (curse)
HPRegen  0.16/turn              n - +4 ring of dexterity
MPRegen  0.11/turn              u - ring of flight

@: no status effects
A: negative energy resistance 1, electricity resistance, unbreathing,
petrification resistance, rot immunity, AC +5
a: Evoke Flight


You were on level 4 of the Dungeon.
You were very hungry.

You visited 1 branch of the dungeon, and saw 5 of its levels.

You collected 149 gold pieces.

Inventory:

Hand Weapons
 a - a +1 quarterstaff (weapon)
Armour
 b - a +0 leather armour
 c - a +0 helmet (worn)
 q - a +0 ring mail (worn)
 s - a +0 cloak (worn)
Jewellery
 l - a cursed amulet of inaccuracy (around neck)
 n - a +4 ring of dexterity (left hand)
 t - a +2 ring of protection {unknown}
 u - a ring of flight (right hand)
Wands
 d - a wand of digging (5)
Scrolls
 h - 6 scrolls of identify
 j - 2 scrolls of teleportation
 p - 2 scrolls of enchant weapon
 v - a scroll of enchant armour {unknown}
 w - a scroll of fog {unknown}
Potions
 e - a potion of might {unknown}
 g - 3 potions of invisibility {unknown}
 i - 2 potions of curing
 k - a potion of haste {unknown}
 m - 2 potions of flight {unknown}
 o - 2 potions of degeneration {unknown}
Comestibles
 f - 6 rations


   Skills:
 + Level 4.6 Fighting
 + Level 7.0 Staves
 + Level 2.0 Throwing
 + Level 3.8 Armour
 + Level 4.1 Dodging
 + Level 0.9 Stealth


You had 7 spell levels left.
You didn't know any spells.
Your spell library was empty.

Dungeon Overview and Level Annotations

Branches:
Dungeon (5/15)
 Temple: D:4-7

Altars:
Kikubaaqudgha
Qazlal
Ru
Sif Muna
Vehumet
Xom

Shops:
D:4 (

Annotations:
D:3 2 transporters, diana's ghost, amateur DsGl
D:4 2 transporters, troglodite's ghost, amateur DsBe


Innate Abilities, Weirdness & Mutations

You are resistant to torment.
Your stone body is resilient. (AC +5)
You are immune to poison.
You resist negative energy. (rN+)
You are resistant to electric shocks. (rElec)
You can survive without breathing.
You are immune to petrification.
You are immune to rotting.


Message History

The orc warrior barely misses you.
You climb upwards.
Level annotation: 2 transporters, troglodite's ghost, amateur DsBe Reactivating autopickup.
There is a stone staircase leading down here.
Throwing (i - inventory)
r - a throwing net (quivered)
Press: ? - help, Shift-Dir - straight line, f - orc warrior
Aim: an orc warrior, wielding a -1 battleaxe and wearing a cursed +0 chain mail (heavily wounded)
You throw a throwing net.
The throwing net barely misses the orc warrior.
The orc warrior closely misses you.
You miss the orc warrior.
The orc warrior is heavily wounded.
You miss the orc warrior.
The orc warrior is heavily wounded.
The orc warrior misses you.
You miss the orc warrior.
The orc warrior is heavily wounded.
The orc warrior hits you with a cursed -1 battleaxe!!
You die...

##..............#........#......#
#....#.....#.......##.#..##....##
......####.####..###..#...#....#
...8....#......(..#.........#..#
.....................#......#.##
...........#......##(#........##
...∩.......#......#............#
......................♣♣♣.....##
................@o#..♣# #♣...##
...8##..........###..♣ ♣..##
..................#..♣# #♣..#
........#..(.(........♣♣♣..##
....#...#...........[......#
...####...........#####.#.##
..##..(.(©...........##.#.##
.....#########.............#
....##8..?$u8##...........####


You could see an orc warrior.

Vanquished Creatures
  A water moccasin (D:4)
  A black bear (D:5)
  2 sky beasts (D:5)
  An ice beast (D:5)
  A howler monkey (D:5)
  7 crimson imps
  An orc priest (D:3)
  Terence (D:3)
  2 worker ants
  A hound skeleton (D:4)
  4 adders
  3 oozes
  An adder skeleton (D:4)
  A dart slug (D:2)
  4 worms
  4 leopard geckos
  7 orcs
  2 ball pythons
  7 giant cockroaches
  8 goblins
  4 hobgoblins
  16 jackals
  A quokka (D:5)
  6 bats
  9 frilled lizards
  8 kobolds
  3 rats
106 creatures vanquished.

Vanquished Creatures (others)
  5 plants (D:3)
5 creatures vanquished.

Grand Total: 111 creatures vanquished

Notes
Turn   | Place    | Note
-------+----------+-------------------------------------------
     0 | D:1      | xveg the Gargoyle Gladiator began the quest for the Orb.
     0 | D:1      | Reached XP level 1. HP: 12/12 MP: 1/1
    37 | D:1      | Reached XP level 2. HP: 14/17 MP: 2/2
   289 | D:1      | Reached XP level 3. HP: 8/21 MP: 3/3
  1195 | D:2      | Reached skill level 4 in Staves
  1356 | D:2      | Reached XP level 4. HP: 21/27 MP: 4/4
  1830 | D:2      | Found a stormy altar of Qazlal.
  1900 | D:3      | Reached skill level 1 in Armour
  2099 | D:3      | Reached XP level 5. HP: 29/32 MP: 5/5
  2258 | D:3      | Noticed Terence
  2271 | D:3      | Killed Terence
  2359 | D:3      | Found a transporter.
  2395 | D:3      | Found a transporter.
  2425 | D:3      | Noticed diana's ghost (amateur DsGl)
  2506 | D:3      | Found a shimmering altar of Xom.
  2538 | D:3      | Reached skill level 5 in Staves
  2552 | D:3      | Reached XP level 6. HP: 37/37 MP: 6/6
  2788 | D:4      | Noticed a phantom
  2790 | D:4      | Noticed a red ugly thing
  2793 | D:4      | Noticed a water moccasin
  2793 | D:4      | Noticed troglodite's ghost (amateur DsBe)
  2822 | D:4      | HP: 1/37 [water moccasin (6)]
  2831 | D:4      | Killed a water moccasin
  2959 | D:4      | Found a transporter.
  2974 | D:4      | Found a transporter.
  2995 | D:4      | Found Niommoj's Antique Weapon Boutique.
  3097 | D:4      | Reached XP level 7. HP: 42/42 MP: 7/7
  3293 | D:4      | Reached skill level 6 in Staves
  3392 | D:4      | Found a radiant altar of Vehumet.
  3392 | D:4      | Found a sacrificial altar of Ru.
  3393 | D:4      | Found a stormy altar of Qazlal.
  3396 | D:4      | Found an ancient bone altar of Kikubaaqudgha.
  3563 | D:5      | Entered Level 5 of the Dungeon
  3903 | D:5      | Reached XP level 8. HP: 48/48 MP: 8/8
  3971 | D:5      | Found a deep blue altar of Sif Muna.
  4012 | D:5      | Reached skill level 7 in Staves
  4086 | D:4      | Slain by an orc warrior

Skill      XL: |  1  2  3  4  5  6  7  8 |
---------------+-------------------------+-----
Staves         | 4 5 6 7 |  7.0
Armour         | 1 3 |  3.8
Fighting       | 3 4 |  4.6
Dodging        | 3 4 |  4.1
Throwing       | 2 |  2.0
Stealth        | |  0.9

Action                   |  1- 3 |  4- 6 |  7- 9 || total
-------------------------+-------+-------+-------++-------
Melee: Quarterstaff      |   127 |   292 |   140 ||   559
Throw: Throwing net      |       |     4 |     3 ||     7
  Use: Scroll            |     4 |     1 |     3 ||     8
       Potion            |       |     1 |       ||     1
  Eat: Chunk             |     1 |     2 |       ||     3
       Ration            |       |     2 |       ||     2
Armor: Leather armour    |    50 |       |       ||    50
       Ring mail         |       |   178 |    56 ||   234
Dodge: Dodged            |    93 |   292 |    78 ||   463
